 Dungeon Crawl Stone Soup version 0.26-a0-58-g79b31b8662 (webtiles) character file.

Game seed: 8135173598456742939

86 Ozzies the Skirmisher (level 4, 0/42 HPs)
             Began as a Minotaur Berserker on June 8, 2020.
             Was a Believer of Trog.
             Slain by a gnoll
             ... wielding a +0 whip
              (3 damage)
             ... on level 2 of the Dungeon.
             The game lasted 00:02:51 (1636 turns).

Ozzies the Skirmisher (Minotaur Berserker)          Turns: 1636, Time: 00:02:52

Health: 0/42       AC:  2    Str: 23    XL:     4   Next: 26%
Magic:  3/3        EV: 12    Int:  4    God:    Trog [**....]
Gold:   78         SH:  0    Dex:  9    Spells: 3/3 levels left

rFire    . . .     SeeInvis .   a - +0 hand axe
rCold    . . .     Gourm    .   (no shield)
rNeg     . . .     Faith    .   b - +0 animal skin
rPois    .         Spirit   .   (helmet restricted)
rElec    .         Reflect  .   (no cloak)
rCorr    .         Harm     .   (no gloves)
MR       .....                  (no boots)
Stlth    +.........             (no amulet)
HPRegen  0.14/turn              (no ring)
MPRegen  0.08/turn              (no ring)

@: mighty, hasted, very quick
A: retaliatory headbutt, horns 2
a: Berserk, Trog's Hand, Renounce Religion


You were on level 2 of the Dungeon.
You worshipped Trog.
Trog was pleased with you.
You were not hungry.

You visited 1 branch of the dungeon, and saw 2 of its levels.

You collected 78 gold pieces.

Inventory:

Hand Weapons
 a - a +0 hand axe (weapon)
Armour
 b - a +0 animal skin (worn)
Scrolls
 e - 3 scrolls of teleportation {unknown}
 f - a scroll of enchant weapon {unknown}
 h - 2 scrolls of identify {unknown}
 i - a scroll of fog {unknown}
 j - a scroll of noise {unknown}
Potions
 d - a potion of haste
 g - a potion of berserk rage {unknown}
 k - a potion of resistance {unknown}
 l - a potion of heal wounds {unknown}
 m - a potion of might
 n - 2 potions of curing {unknown}
Comestibles
 c - 4 rations


   Skills:
 * Level 5.3 Fighting
 + Level 4.7 Axes
 - Level 2.5 Armour
 - Level 2.2 Dodging


You had 3 spell levels left.
You didn't know any spells.
Your spell library was empty.

Dungeon Overview and Level Annotations

Branches:
Dungeon (2/15)

Altars:
Vehumet
Yredelemnul


Innate Abilities, Weirdness & Mutations

You reflexively headbutt those who attack you in melee.
You have a pair of horns on your head.


Message History

You barely miss the gnoll. Your headbutt misses the gnoll.
The gnoll is moderately wounded.
You hit the kobold.
The gnoll hits you from afar with a +3 spear.
The kobold hits you with a +0 club.
* * * LOW HITPOINT WARNING * * *
The gnoll hits you with a +0 whip.
* * * LOW HITPOINT WARNING * * *
It was a potion of haste.
You feel yourself speed up. The gnoll closely misses you.
The kobold closely misses you. You furiously retaliate!
You headbutt the kobold. The gnoll barely misses you.
It was a potion of might.
You feel very mighty all of a sudden.
A goblin comes into view.
The gnoll hits you from afar with a +3 spear.
* * * LOW HITPOINT WARNING * * *
The kobold hits you with a +0 club.
* * * LOW HITPOINT WARNING * * *
The gnoll hits you with a +0 whip.
You die...

...# #........ ##.#
#..<..... #.# ## ##
#........ #.######## #.
.## #........ #........#
#.#.. ....###.###
##.######.# ... #....
...# ...# #.# #.#
##########
#########†####.#########
.......<.......K@gggg..#
.#.###.####.##.#######g#
.#.# # #(##.# .#.#
#..##.# ...# #.##....☼..
##.###.##.°.....
#.....##○°○.☼...
#.###.##.○...... #.#
#.##........#


You could see 4 gnolls, a goblin (wandering) and a kobold.

Vanquished Creatures
  4 adders (D:2)
  An ooze (D:1)
  A worm (D:2)
  2 dart slugs
  3 leopard geckos
  4 bats
  A giant cockroach (D:2)
  4 hobgoblins (D:2)
  2 jackals (D:2)
  5 frilled lizards
  3 goblins
  3 kobolds
  8 rats
41 creatures vanquished.

Vanquished Creatures (others)
  A frilled lizard (D:2)
1 creature vanquished.

Grand Total: 42 creatures vanquished

Notes
Turn   | Place    | Note
-------+----------+-------------------------------------------
     0 | D:1      | Ozzies the Minotaur Berserker began the quest for the Orb.
     0 | D:1      | Reached XP level 1. HP: 19/19 MP: 0/0
   112 | D:1      | Reached skill level 4 in Fighting
   112 | D:1      | Reached XP level 2. HP: 27/27 MP: 1/1
   797 | D:2      | Reached XP level 3. HP: 34/34 MP: 2/2
   809 | D:2      | Reached ** piety under Trog
  1138 | D:2      | Reached skill level 5 in Fighting
  1317 | D:2      | Reached XP level 4. HP: 41/42 MP: 3/3
  1421 | D:2      | Found a basalt altar of Yredelemnul.
  1622 | D:2      | Found a radiant altar of Vehumet.
  1636 | D:2      | Slain by a gnoll

Illustrated notes

Levels and vault maps discovered:
D:1:      onia_arrival_pyramid, layout_basic
D:2:      layout_loops_ring, nicolae_overflow_crystal_walls,
          fiery_altar_vehumet, kennysheep_generic_room_13

Skill      XL: |  1  2  3 |
---------------+----------+-----
Fighting       | 4 5 |  5.3
Axes           | 4 |  4.7
Armour         | |  2.5
Dodging        | |  2.2

Action                   |  1- 3 |  4- 6 || total
-------------------------+-------+-------++-------
Melee: Hand axe          |    70 |    34 ||   104
       Headbutt          |     8 |     6 ||    14
Invok: Berserk           |     1 |       ||     1
       Trog's Hand       |     1 |       ||     1
  Use: Potion            |       |     2 ||     2
  Eat: Chunk             |     3 |     1 ||     4
Armor: Animal skin       |    22 |     6 ||    28
Dodge: Dodged            |    51 |    21 ||    72

Table legend:
 A = Non-vault XP
 B = Vault XP
 C = Vault XP percentage of total XP
 D = Non-vault monster count
 E = Vault monster count
 F = Vault count percentage of total count
                 A         B        C        D         E       F
            +---------+---------+-------+---------+---------+-------
      Total |     123 |       0 |   0.0 |      41 |       0 |   0.0
            +---------+---------+-------+---------+---------+-------
        D:1 |      27 |       0 |   0.0 |      14 |       0 |   0.0
        D:2 |      96 |       0 |   0.0 |      27 |       0 |   0.0
            +---------+---------+-------+---------+---------+-------
